 Dungeon Crawl Stone Soup version 0.21-a0-529-g8c7b3f5 (webtiles) character file.

274 KristoblXynda the Ruffian (level 6, -5/59 HPs)
             Began as a Troll Earth Elementalist on Dec 10, 2017.
             Slain by a two-headed ogre
             ... wielding a +0 giant spiked club
              (18 damage)
             ... on level 4 of the Dungeon.
             The game lasted 00:05:00 (2873 turns).

KristoblXynda the Ruffian (TrEE)                    Turns: 2873, Time: 00:05:01

Health: -5/59      AC:  5    Str: 17    XL:     6   Next: 3%
Magic:  0/6        EV: 10    Int: 13    God:
Gold:   173        SH:  4    Dex: 10    Spells: 6/7 levels left

rFire    . . .     SeeInvis +     - Unarmed
rCold    . . .     Gourm    +   (no shield)
rNeg     . . .     Faith    .   c - +0 robe
rPois    +         Spirit   .   (helmet restricted)
rElec    .         Reflect  +   (no cloak)
rCorr    .         Harm     .   (gloves unavailable)
MR       .....                  (boots unavailable)
Stlth    +.........             p - +4 amulet of reflection
HPRegen  0.59/turn              n - ring of see invisible
MPRegen  0.10/turn              (no ring)

@: about to teleport
A: large, unfitting armour, claws 3, fast metabolism 3, gourmand, low mp 1,
poison resistance, regeneration 1, shaggy fur 1, tough skin 2, MP-powered wands
a: no special abilities


You were on level 4 of the Dungeon.
You were very full.

You visited 1 branch of the dungeon, and saw 4 of its levels.
You also visited: Sewer.

You collected 173 gold pieces.

Inventory:

Missiles
 b - 78 stones (quivered)
Armour
 c - a +0 robe (worn)
Jewellery
 n - a ring of see invisible (left claw)
 p - a +4 amulet of reflection (around neck)
 w - an uncursed ring of stealth {unknown}
Wands
 t - a wand of iceblast (4)
Scrolls
 a - 3 scrolls of amnesia
 f - a scroll of immolation {unknown}
 j - a scroll of blinking {unknown}
 k - 2 scrolls of remove curse
 m - a scroll of random uselessness
 r - a scroll of fear {unknown}
 u - a scroll of fog {unknown}
Potions
 g - 3 potions of magic
 o - 2 potions of curing
 q - a potion of heal wounds {unknown}
 s - a potion of haste {unknown}
 v - 2 potions of flight {unknown}
Books
 e - a book of Geomancy

   Spells                             Type                      Level
   a - Sandblast                      Earth                        1
   b - Passwall                       Transmutation/Earth          2
   c - Stone Arrow                    Conjuration/Earth            3
   d - Petrify                        Transmutation/Earth          4
   e - Lee's Rapid Deconstruction     Earth                        5
Comestibles
 d - 4 bread rations
 h - a royal jelly
 l - a meat ration


   Skills:
 + Level 2.6 Fighting
 + Level 3.2 Dodging
 - Level 1.0 Stealth
 + Level 3.2 Unarmed Combat
 - Level 1.2 Spellcasting
   Level 0.6 Transmutations
 - Level 2.6 Earth Magic


You had 6 spell levels left.
You knew the following spells:

 Your Spells              Type           Power        Failure   Level  Hunger
a - Sandblast             Erth           #.....       9%          1    ##.....


Dungeon Overview and Level Annotations

Branches:
Dungeon (4/15)
 Temple: D:4-7

Altars:
Makhleb
Vehumet
The Shining One


Innate Abilities, Weirdness & Mutations

You are too large for most types of armour.
You have claws for hands.
Your metabolism is lightning-fast.
You like to eat raw meat.
Your natural rate of healing is unusually fast.
You are covered in fur. (AC +1)
You have very tough skin. (AC +2)
Your magical capacity is low. (-10% MP)
Your system is resistant to poisons. (rPois)
You expend magic power (3 MP) to strengthen your wands.


Message History

The two-headed ogre is moderately wounded.
You scratch the two-headed ogre but do no damage.
The two-headed ogre is moderately wounded.
You block the two-headed ogre's attack.
The two-headed ogre hits you with a giant club.
You barely miss the two-headed ogre.
The two-headed ogre is moderately wounded.
You claw the two-headed ogre!
The two-headed ogre is moderately wounded.
The two-headed ogre barely misses you.
The two-headed ogre hits you with a giant club!!
You barely miss the two-headed ogre.
The two-headed ogre is moderately wounded.
The two-headed ogre misses you. You block the two-headed ogre's attack.
As you read the scroll of teleportation, it crumbles to dust.
You feel strangely unstable.
The two-headed ogre hits you with a giant spiked club!
* * * LOW HITPOINT WARNING * * *
The two-headed ogre hits you with a giant club!!
You die...

# # ### ##### #..
'...# ###### #.#
###.####....# #.#
#......+....# #O#
#.#.####....# #@#
#.#..###....# #.#
#..!........####.#
#####............#
###.......######
#.....<...#
#.......###
#.......#
#.....###


You could see a two-headed ogre.

Vanquished Creatures
  A crocodile (Sewer)
  A water moccasin zombie (D:4)
  A hound (D:2)
  An orc wizard (D:2)
  2 adders (D:2)
  2 worms (D:2)
  5 leopard geckos (D:3)
  3 orcs
  5 bats
  3 giant cockroaches (D:3)
  6 goblins
  4 hobgoblins
  2 jackals (Sewer)
  10 kobolds
  A quokka (D:3)
  A ball python (D:2)
  5 frilled lizards
  5 rats
58 creatures vanquished.

Notes
Turn   | Place    | Note
-------+----------+-------------------------------------------
     0 | D:1      | KristoblXynda the Troll Earth Elementalist began the quest for the Orb.
     0 | D:1      | Reached XP level 1. HP: 16/16 MP: 1/1
   306 | D:1      | Reached XP level 2. HP: 21/26 MP: 2/2
   663 | D:1      | Reached skill level 1 in Unarmed Combat
   959 | D:2      | Found a radiant altar of Vehumet.
  1000 | D:2      | Reached skill level 1 in Fighting
  1082 | D:2      | Reached XP level 3. HP: 33/33 MP: 3/3
  1147 | D:2      | Found a burning altar of Makhleb.
  1150 | D:2      | Reached XP level 4. HP: 42/42 MP: 4/4
  1462 | D:2      | Found a glowing golden altar of the Shining One.
  2238 | D:3      | Found a glowing drain.
  2265 | Sewer    | Entered a sewer
  2346 | Sewer    | Noticed a crocodile
  2349 | Sewer    | Gained mutation: Your magical capacity is low. (-10% MP) [potion of mutation]
  2349 | Sewer    | Gained mutation: You expend magic power (3 MP) to strengthen your wands. [potion of mutation]
  2349 | Sewer    | Gained mutation: Your system is resistant to poisons. (rPois) [potion of mutation]
  2358 | Sewer    | Killed a crocodile
  2358 | Sewer    | Reached XP level 5. HP: 14/50 MP: 5/5
  2847 | D:4      | Reached XP level 6. HP: 56/59 MP: 6/6
  2866 | D:4      | Noticed a two-headed ogre
  2873 | D:4      | Slain by a two-headed ogre

Vault maps used:
D:1:      lemuel_arrival_broad_hall, minmay_misc_feat_rows
D:2:      lemuel_round_altar, makhleb_blood_cavern_becter, vehumet_crystals,
          serial_co_window_serial, co_window_paths_a, co_window_paths_a,
          co_window_paths_a, co_window_paths_a, co_window_corner_a,
          co_window_broadway_c, co_window_paths_c, co_window_unsneaky_path_d,
          co_window_paths_d, glass_columns_a, glass_columns_a, glass_columns_a,
          glass_columns_c, glass_columns_a
D:3:      portal_sewer_entry_f, minmay_misc_feat_hallway
D:4:      lemuel_coloured_pillars_altar, first_bread
Sewer:    sewer_the_crocodile

Skill      XL: |  1  2  3  4  5 |
---------------+----------------+-----
Unarmed Combat | 1 2 3 |  3.2
Fighting       | 1 2 |  2.6
Dodging        | 2 3 |  3.2
Stealth        | |  1.0
Spellcasting   | |  1.2
Transmutations | |  0.6
Earth Magic    | |  2.6

Action                   |  1- 3 |  4- 6 || total
-------------------------+-------+-------++-------
Melee: Unarmed           |    62 |   126 ||   188
Evoke: Wand              |       |     2 ||     2
  Use: Scroll            |       |    10 ||    10
       Potion            |       |     2 ||     2
 Stab: Sleeping          |     3 |     2 ||     5
  Eat: Chunk             |    14 |    17 ||    31
Armor: Robe              |    12 |    29 ||    41
Dodge: Dodged            |    30 |    63 ||    93
Block: Other             |       |    17 ||    17

Table legend:
 A = Spawn XP
 B = Non-spawn XP
 C = Spawn XP percentage of total XP
 D = Spawn monster count
 E = Non-spawn monster count
 F = Spawn count percentage of total count
 G = Total turns spent on level
                    A         B        C        D         E        F      G
               +---------+---------+-------+---------+---------+-------+---------
         Total |       0 |     392 |   0.0 |       0 |      58 |   0.0 |  2873
               +---------+---------+-------+---------+---------+-------+---------
           D:1 |       0 |      21 |   0.0 |       0 |      12 |   0.0 |   931
           D:2 |       0 |     134 |   0.0 |       0 |      23 |   0.0 |  1025
           D:3 |       0 |      36 |   0.0 |       0 |      16 |   0.0 |   657
           D:4 |       0 |      83 |   0.0 |       0 |       1 |   0.0 |    62
         Sewer |       0 |     118 |   0.0 |       0 |       6 |   0.0 |   198
               +---------+---------+-------+---------+---------+-------+---------
